 Dungeon Crawl Stone Soup version 0.27-a0-789-g6bb3289e1e (webtiles) character file.

Game seed: 13699396337864284093

333296 tilp the Eclecticist (level 21, -46/155 HPs)
             Began as a Djinni Venom Mage on Mar 26, 2021.
             Was the Champion of Makhleb.
             Killed from afar by Boris (108 damage)
             ... with a bolt of cold
             ... on level 4 of the Vaults.
             The game lasted 02:43:56 (41828 turns).

tilp the Eclecticist (Djinni Venom Mage)           Turns: 41828, Time: 02:43:56

Health: -46/155    AC: 15    Str:  7    XL:     21   Next: 81%
Gold:   3300       EV: 18    Int: 32    God:    Makhleb [******] SH:  8 Dex: 17

rFire    + + .     SeeInvis .   a - +9 war axe of Overwhelming Force {freeze, Dex+2}
rCold    x . .     Faith    .   P - +3 buckler {reflect}
rNeg     . . .     Spirit   .   E - +3 leather armour {rPois}
rPois    ∞         Reflect  +   r - +2 helmet
rElec    .         Harm     .   m - +2 cloak
rCorr    .         Rampage  .   j - +2 pair of gloves
Will     +++..                  (boots unavailable)
Stlth    +++.......             l - amulet of regeneration
HPRegen  1.35/turn              g - ring of willpower
MPRegen  0.00/turn              y - +6 ring of intelligence

@: flying, studying Evocations
A: fire resistance 2, cold vulnerability 1, float, innate caster, hp casting,
extra vitality 1
}: 2/15 runes: decaying, gossamer
a: Renounce Religion, Minor Destruction, Lesser Servant of Makhleb, Major
Destruction, Greater Servant of Makhleb


You were on level 4 of the Vaults.
You worshipped Makhleb.
Makhleb was exalted by your worship.
You visited 7 branches of the dungeon, and saw 36 of its levels.
You also visited: Gauntlet and Ice Cave.

You collected 5241 gold pieces.
You spent 1941 gold pieces at shops.

Inventory:

Hand Weapons
 a - the +9 war axe of Overwhelming Force (weapon) {freeze, Dex+2}
   (You found it on level 6 of the Lair of Beasts)

   It has been specially enchanted to freeze those struck by it, causing extra
   injury to most foes and up to half again as much damage against particularly
   susceptible opponents.
   It can also slow down cold-blooded creatures.
   It affects your dexterity (+2).
 b - the +3 battleaxe of Fate {vorpal, rElec rC++ Int+3 Dex-2}
   (You found it on level 6 of the Lair of Beasts)

   It inflicts extra damage upon your enemies.
   It affects your intelligence (+3).
   It affects your dexterity (-2).
   It greatly protects you from cold.
   It insulates you from electricity.
 J - a +9 broad axe of freezing
Missiles
 f - 14 curare-tipped darts
 x - 2 silver boomerangs
 D - 41 boomerangs (quivered)
 Y - 2 throwing nets
Armour
 j - a +2 pair of gloves (worn)
 m - a +2 cloak (worn)
 r - a +2 helmet (worn)
 E - a +3 leather armour of poison resistance (worn)
 P - a +3 buckler of reflection (worn)
Jewellery
 c - a ring of positive energy
 g - a ring of willpower (right hand)
 l - an amulet of regeneration (around neck)
 y - a +6 ring of intelligence (left hand)
 F - a +4 ring of slaying
 K - a ring of see invisible
 T - a ring of protection from cold
Wands
 e - a wand of polymorph (43)
 t - a wand of paralysis (7)
 v - a wand of flame (111)
 w - a wand of acid (16)
 B - a wand of iceblast (38)
 G - a wand of digging (8)
 L - a wand of charming (38)
 O - a wand of mindburst (26)
Scrolls
 d - 8 scrolls of teleportation
 k - 4 scrolls of enchant armour
 o - a scroll of enchant weapon
 s - 2 scrolls of vulnerability
 u - 17 scrolls of identify
 Q - 8 scrolls of fog
 R - 2 scrolls of silence
 S - a scroll of blinking
 W - 2 scrolls of fear
 X - 2 scrolls of holy word
 Z - 2 scrolls of magic mapping
Potions
 i - 13 potions of curing
 n - a potion of cancellation
 p - 4 potions of might
 q - 5 potions of brilliance
 z - a potion of invisibility
 A - 2 potions of resistance
 C - 5 potions of mutation
 H - 5 potions of lignification
 I - a potion of berserk rage
 N - 7 potions of heal wounds
 U - 3 potions of haste
 V - 10 potions of ambrosia
Miscellaneous
 h - a tin of tremorstones (2/2)
 M - a phantom mirror (inert)


   Skills:
 - Level 15.0 Fighting
 - Level 16.0 Axes
 - Level 12.0 Dodging
 - Level 6.0 Stealth
 - Level 4.0 Shields
 + Level 18.7 Spellcasting
 - Level 10.0 Invocations
 - Level 10.0 Evocations


You couldn't memorise any spells.
You knew the following spells:

 Your Spells              Type           Power      Damage    Failure   Level
a - Sting                 Tmut/Pois      100%       1d8       0%          1
b - Poisonous Vapours     Pois/Air       100%       N/A       0%          2
c - Mephitic Cloud        Conj/Pois/Air  99%        N/A       0%          3
d - Ignite Poison         Fire/Tmut/Pois 99%        N/A       0%          3
e - Olgreb's Toxic Radia  Pois           99%        N/A       0%          4
f - Summon Small Mammal   Summ           100%       N/A       0%          1
g - Blink                 Tloc           N/A        N/A       0%          2
h - Slow                  Hex            99%        N/A       0%          2
i - Vampiric Draining     Necr           49%        2d13      0%          3
j - Iskenderun's Battles  Conj           99%        2d15      1%          5
k - Yara's Violent Unrav  Hex/Tmut       49%        3d19      1%          5
l - Conjure Ball Lightni  Conj/Air       49%        3x3d17    1%          6
m - Haunt                 Necr/Summ      49%        N/A       1%          7
n - Dragon Form           Tmut           49%        N/A       1%          7
o - Summon Horrible Thin  Summ           49%        N/A       6%          8
Your spell library was empty.

Dungeon Overview and Level Annotations

Branches:
Dungeon (15/15)            Temple (1/1) D:5            Lair (6/6) D:8
  Swamp (4/4) Lair:3       Spider (4/4) Lair:2        Slime (0/5) Lair:5
    Orc (2/2) D:10            Elf (0/3) Orc:2        Vaults (4/5) D:14
  Crypt (0/3) Vaults:3     Depths (0/5) D:15          IceCv (visited)
Gauntlet (visited)

Altars:
Ashenzari
Cheibriados
Dithmenos
Elyvilon
Fedhas
Gozag
Hepliaklqana
Kikubaaqudgha
Makhleb
Nemelex Xobeh
Okawaru
Qazlal
Ru
Sif Muna
Trog
Uskayaw
Vehumet
Wu Jian
Xom
Yredelemnul
Zin
The Shining One
Beogh
Jiyva

Shops:
D:1 =   D:5 [*=   D:11 *   D:13 *   Orc:2 !=(?   Vaults:3 *

Portals:
Abyss: Orc:1

Annotations:
D:10 2 runed translucent doors, t4s4d4r's ghost, journeyman DjFE
D:15 Roxanne
Swamp:2 2 transporters, exclusion: obsidian statue
Swamp:4 1 runed translucent door, kae's ghost, adept HOFi
Spider:1 2 transporters
Orc:1 2 transporters, Vaischauc's ghost, journeyman MiFi
Vaults:2 3 runed translucent doors, Hios's ghost, adept HOMo
Vaults:3 1 transporter, 1 runed translucent door, Butoilik's ghost, veteran MiBe
Vaults:4 Boris


Innate Abilities, Weirdness & Mutations

You are immune to poison.
Your flesh is very heat resistant. (rF++)
You are vulnerable to cold. (rC-)
You float through the air rather than walking.
You learn spells naturally, not from books.
Your magical power is your life essence.
You have superior vitality. (+4 HP)


Message History

Boris touches your tentacled monstrosity.
Your tentacled monstrosity tentacle-slaps Boris but does no damage.
Your tentacled monstrosity barely misses Boris.
Your tentacled monstrosity tentacle-slaps Boris but does no damage.
Your tentacled monstrosity misses Boris.
Unknown command.
Casting: Summon Horrible Things (dangerous; 6% risk of failure)
Confirm with . or Enter, or press ? or * to list all spells.
Aiming: Haunt (mildly dangerous; 1% risk of failure)
Press: ? - help, Dir - move target, f - Boris
Aim: Boris, wearing a +1 robe of the Archmagi (lightly damaged, ally target) Insubstantial figures form in the air.
Boris gestures at you while chanting.
The iron shot hits your tentacled monstrosity!!
Unknown command.
Unknown command.
Unknown command.
Aiming: Phantom Mirror
Press: ? - help, Dir - move target, f/p - Boris
Aim: Boris, wearing a +1 robe of the Archmagi (lightly damaged, ally target)
You reflect Boris with the mirror!
The mirror clouds!
Boris points at you and mumbles some strange words.
The bolt of cold hits Boris.
Boris resists.
The bolt of cold hits your large abomination!!
The bolt of cold hits you!!!!
You feel a terrible chill!
Ouch! That really hurt!
* * * LOW HITPOINT WARNING * * *
Your phantasmal warrior blinks!
Your freezing wraith hits Boris but does no damage. x2
Unknown command.
You swap places.
Boris casts a spell at you. The bolt of cold hits your wraith!
Your wraith resists.
The bolt of cold hits your large abomination!!!
Your large abomination is destroyed!
The bolt of cold hits you!!!!
You feel a terrible chill!
Ouch! That really hurt!
You die...

##########
#...WL#XX#
+...WLWXX#
#..§.X#.@#
#.... #XX# #...
#..#
#######..####+#
#..............
#..............
##'####..######
#.....#..# ....
#.....#..#.....


You could see Boris (ally target), the friendly Boris (summoned, drained), 6
friendly large abominations, a friendly freezing wraith (summoned) and 2
friendly wraiths.

Vanquished Creatures
  Sojobo (Vaults:2)
  Nikola (Spider:2)
  Rupert (Lair:6)
  A thorn hunter (Swamp:1)
  2 tengu reavers (Vaults:2)
  A ghost moth (Spider:4)
  4 vault wardens (Vaults:1)
  A fenstrider witch (Swamp:1)
  3 emperor scorpions (Spider:4)
  3 ghouls
  4 very ugly things (Vaults:3)
  19 ironbound preservers
  Nessos (D:13)
  4 bunyips
  6 entropy weavers
  A minotaur (Gauntlet)
  A spark wasp (Spider:3)
  5 eleionomae
  A fire dragon (Lair:6)
  Josephine (Orc:2)
  6 yaktaur captains
  6 ironbound thunderhulks
  A rakshasa (D:15)
  6 vault guards
  2 ice dragons (IceCv)
  32 hydras
  An ogre mage (Orc:2)
  15 centaur warriors
  7 ironbound frosthearts
  Erica (D:9)
  11 boulder beetles
  2 ghost crabs (Swamp:4)
  7 alligators
  5 ironbound beastmasters
  2 two-headed ogres
  3 tengu warriors
  A naga sharpshooter (D:13)
  A deep troll earth mage (Vaults:3)
  Urug (D:13)
  Nergalle (D:12)
  Sonja (Lair:1)
  4 spriggan druids
  4 goliath frogs
  3 skeletal warriors (Vaults:3)
  A storm dragon skeleton (Vaults:3)
  48 deep trolls
  4 bog bodies
  10 swamp dragons
  13 ironbound convokers
  10 lindwurms
  2 necromancers
  13 harpies (Vaults:2)
  22 ugly things
  2 wizards
  3 deep elf pyromancers
  17 orb spiders
  4 oklob plants (Lair:2)
  3 tengu skeletons (Vaults:3)
  3 orc knights
  19 wolf spiders
  5 will-o-the-wisps
  11 orc sorcerers (Orc:2)
  7 cyclopes
  4 moths of wrath
  A manticore (D:11)
  Maurice (D:10)
  5 elephants (Lair:4)
  A naga mage (D:13)
  3 torpor snails
  2 ice statues (IceCv)
  2 black mambas
  A frost giant skeleton (Vaults:3)
  12 vault sentinels
  9 komodo dragons
  14 cane toads
  A cane toad (shapeshifter) (D:15)
  2 nameless horrors
  11 rime drakes
  19 yaktaurs
  2 freezing wraiths
  A yaktaur skeleton (Vaults:3)
  2 efreet (D:14)
  3 demonic crawlers
  3 tengu conjurers
  6 human skeletons (Vaults:3)
  A troll (shapeshifter) (D:13)
  19 jumping spiders
  A bloated husk (Swamp:1)
  9 polar bears (Lair:6)
  A meliai (shapeshifter) (D:14)
  A queen bee (Lair:3)
  8 trolls
  6 hornets
  17 blink frogs
  13 tyrant leeches
  A dream sheep (shapeshifter) (D:14)
  15 slime creatures
  8 dream sheep (Lair:6)
  29 tarantellas
  5 spriggans
  71 redbacks
  A spriggan (shapeshifter) (D:15)
  6 shadows
  2 water elementals (D:12)
  A vampire (D:10)
  A deep troll skeleton (Vaults:3)
  A flying skull (Gauntlet)
  A hog (Swamp:1)
  5 wraiths
  5 wyverns
  63 yaks
  9 basilisks
  4 steam dragons
  5 vampire mosquitoes
  The ghost of semitonal the Gusty, an amateur DrAE (D:5)
  Menkaure (D:6)
  6 wargs (Lair:6)
  A naga (D:13)
  17 swamp worms
  3 acid dragons
  15 hell hounds (Lair:6)
  23 orc warriors
  15 water moccasins
  4 swamp drakes
  An ogre skeleton (Vaults:3)
  3 necrophages
  11 black bears (Lair:6)
  10 ogres
  14 ice beasts (IceCv)
  21 wolves
  4 centaurs
  A kobold brigand (D:7)
  11 bullfrogs
  A gnoll sergeant (D:10)
  2 water moccasin zombies
  A howler monkey (D:6)
  33 killer bees
  3 wights (D:7)
  5 electric eels
  4 centaur zombies
  17 orc priests
  2 hounds (D:5)
  Crazy Yiuf (D:2)
  3 jellies
  5 iguanas
  39 orc wizards
  A killer bee zombie (D:6)
  8 gnolls
  5 adders
  2 shadow imps
  14 white imps
  2 ufetubi
  An adder skeleton (D:4)
  A worm (D:5)
  2 dart slugs
  80 orcs
  2 endoplasms
  3 giant cockroaches
  4 goblins
  7 hobgoblins
  5 jackals
  6 quokkas
  6 ball pythons
  2 bats
  2 frilled lizards (D:2)
  8 kobolds
  2 rats
  2 butterflies (Lair:2)
1238 creatures vanquished.

Vanquished Creatures (collateral kills)
  Frederick (Vaults:4)
  Jory (Vaults:2)
  Kirke (Swamp:1)
  Donald (Vaults:1)
  2 vault wardens (Vaults:4)
  An orc warlord (Vaults:4)
  4 emperor scorpions
  3 ghost moths (Spider:4)
  A ghoul (Swamp:3)
  4 very ugly things
  A bunyip (Swamp:4)
  An eleionoma (Swamp:2)
  2 crystal guardians (Vaults:3)
  An ironbound thunderhulk (Vaults:4)
  A boulder beetle (Spider:3)
  2 great orbs of eyes (Vaults:1)
  A peacekeeper (Vaults:2)
  A hydra (Swamp:1)
  A two-headed ogre (Vaults:3)
  A skeletal warrior (Vaults:3)
  3 swamp dragons
  2 orc knights (Vaults:4)
  2 harpies (Vaults:2)
  2 lindwurms
  An ironbound convoker (Vaults:2)
  A vault sentinel (Vaults:3)
  4 demonic crawlers
  2 flying skulls (Gauntlet)
  5 redbacks (Spider:3)
  A swamp drake (Swamp:3)
  A ball lightning (Vaults:2)
55 creatures vanquished.

Vanquished Creatures (others)
  A wizard (Vaults:3)
  A human (Swamp:1)
  30 ball lightnings
  16 foxfires
  41 fungi
  72 plants
  4 toadstools (D:12)
  6 withered plants
171 creatures vanquished.

Grand Total: 1464 creatures vanquished

Notes
Turn   | Place    | Note
-------+----------+-------------------------------------------
     0 | D:1      | tilp the Djinni Venom Mage began the quest for the Orb.
     0 | D:1      | Reached XP level 1. HP: 15/15 MP: 0/0
   168 | D:1      | Reached skill level 3 in Spellcasting
   339 | D:1      | Reached XP level 2. HP: 19/21 MP: 0/0
   687 | D:1      | Found Yhod's Jewellery Emporium.
  1396 | D:2      | Reached XP level 3. HP: 20/25 MP: 0/0
  1396 | D:2      | Learned a level 1 spell: Summon Small Mammal
  1606 | D:2      | Found a glowing silver altar of Zin.
  1606 | D:2      | Noticed an angel
  2018 | D:2      | Reached skill level 4 in Spellcasting
  2141 | D:2      | Found a broken altar of Ashenzari.
  2154 | D:2      | Reached XP level 4. HP: 14/31 MP: 0/0
  2475 | D:2      | Noticed an ogre
  2485 | D:2      | Killed an ogre
  2486 | D:2      | Reached skill level 5 in Spellcasting
  2486 | D:2      | Reached XP level 5. HP: 28/35 MP: 0/0
  2486 | D:2      | Learned a level 2 spell: Blink
  2561 | D:2      | Found a runed translucent door.
  2562 | D:2      | Noticed Crazy Yiuf
  2712 | D:2      | Killed Crazy Yiuf
  3051 | D:3      | Reached XP level 6. HP: 28/40 MP: 0/0
  3366 | D:3      | Found a hide-covered altar of Uskayaw.
  3442 | D:3      | Found a basalt altar of Yredelemnul.
  3489 | D:4      | Found a shimmering altar of Xom.
  3829 | D:4      | Reached skill level 6 in Spellcasting
  3876 | D:4      | Reached skill level 1 in Fighting
  3895 | D:4      | Reached XP level 7. HP: 47/47 MP: 0/0
  3895 | D:4      | Learned a level 2 spell: Slow
  4096 | D:5      | Entered Level 5 of the Dungeon
  4212 | D:5      | Found a runed translucent door.
  4214 | D:5      | Noticed semitonal's ghost (amateur DrAE)
  4289 | D:5      | Found an iron altar of Okawaru.
  4363 | D:5      | Found Owauwah's General Store.
  4377 | D:5      | Found Ehiufrie's Armour Shop.
  4383 | D:5      | Bought a +0 helmet for 45 gold pieces
  4398 | D:5      | Reached XP level 8. HP: 51/56 MP: 0/0
  4409 | D:5      | Found Raph's Jewellery Shop.
  4441 | D:5      | Found a staircase to the Ecumenical Temple.
  5097 | D:6      | Noticed Menkaure
  5104 | D:6      | Killed Menkaure
  5124 | D:6      | Found a sacrificial altar of Ru.
  5162 | D:6      | Reached skill level 7 in Spellcasting
  5267 | D:6      | Found a snail-covered altar of Cheibriados.
  5412 | D:6      | Identified Sif Muna's Collected Works on Air
  6018 | D:7      | Reached XP level 9. HP: 60/62 MP: 0/0
  6018 | D:7      | Learned a level 3 spell: Vampiric Draining
  6022 | D:7      | Reached skill level 8 in Spellcasting
  6572 | D:8      | Reached skill level 1 in Evocations
  6575 | D:8      | Reached skill level 9 in Spellcasting
  6644 | D:8      | Noticed a two-headed ogre
  6714 | D:8      | Killed a two-headed ogre
  6731 | D:8      | Noticed a cyclops
  6734 | D:8      | Killed a cyclops
  6735 | D:8      | Reached skill level 10 in Spellcasting
  6735 | D:8      | Reached XP level 10. HP: 64/67 MP: 0/0
  6893 | D:8      | Reached skill level 5 in Dodging
  6900 | D:8      | Reached skill level 5 in Fighting
  6969 | D:8      | Found a staircase to the Lair.
  7204 | D:9      | Noticed Erica
  7213 | D:9      | Killed Erica
  7624 | Temple   | Entered the Ecumenical Temple
  7892 | Temple   | Became a worshipper of Makhleb the Destroyer
  8084 | D:9      | Reached skill level 1 in Invocations
  8491 | D:9      | Reached XP level 11. HP: 76/81 MP: 0/0
  8491 | D:9      | Learned a level 5 spell: Iskenderun's Battlesphere
  9081 | D:9      | Identified a scroll of acquirement
  9081 | D:9      | Acquired 755 gold pieces
  9339 | D:5      | Bought a scroll of enchant armour for 82 gold pieces
  9339 | D:5      | Bought a scroll of enchant armour for 82 gold pieces
  9339 | D:5      | Bought a scroll of summoning for 104 gold pieces
  9409 | D:5      | Killed semitonal's ghost
  9636 | D:10     | Entered Level 10 of the Dungeon
  9642 | D:10     | Noticed Maurice
  9643 | D:10     | Reached skill level 5 in Invocations
  9647 | D:10     | Killed Maurice
  9807 | D:10     | Reached * piety under Makhleb
 10269 | D:10     | Reached skill level 11 in Spellcasting
 10432 | D:10     | Noticed t4s4d4r's ghost (journeyman DjFE)
 10433 | D:10     | Noticed a lich
 10434 | D:10     | Noticed a storm dragon
 10435 | D:10     | Noticed a fire dragon
 10435 | D:10     | Noticed a skeletal warrior
 10437 | D:10     | Noticed a necromancer
 10541 | D:10     | Found a runed translucent door.
 10554 | D:10     | Found a runed translucent door.
 10661 | D:10     | Found a staircase to the Orcish Mines.
 11039 | D:1      | Bought a ring of ice for 275 gold pieces
 11039 | D:1      | Bought a ring of see invisible for 165 gold pieces
 11442 | D:11     | Noticed a seven-headed hydra
 11458 | D:11     | Killed a seven-headed hydra
 11621 | D:11     | Found an opulent altar of Gozag.
 11624 | D:11     | Found Gozag's Platinum Reserve.
 11809 | D:11     | Noticed a cyan ugly thing
 11811 | D:11     | Noticed a manticore
 11817 | D:11     | Killed a manticore
 11821 | D:11     | Killed a cyan ugly thing
 12358 | Orc:1    | Entered Level 1 of the Orcish Mines
 12361 | Orc:1    | Reached ** piety under Makhleb
 12514 | Orc:1    | Noticed an orc warlord
 12546 | Orc:1    | Noticed a cyclops
 12549 | Orc:1    | Reached XP level 12. HP: 80/86 MP: 0/0
 12553 | Orc:1    | Reached skill level 12 in Spellcasting
 12722 | Orc:1    | Found a transporter.
 12727 | Orc:1    | Noticed a rakshasa
 12728 | Orc:1    | Noticed a soul eater
 12733 | Orc:1    | Found a transporter.
 12733 | Orc:1    | Noticed a cacodemon
 12735 | Orc:1    | Noticed a thrashing horror
 12751 | Orc:1    | Found a one-way gate to the infinite horrors of the Abyss.
 12751 | Orc:1    | Noticed Vaischauc's ghost (journeyman MiFi)
 12789 | Orc:2    | Entered Level 2 of the Orcish Mines
 13039 | Orc:2    | Reached *** piety under Makhleb
 13183 | Orc:1    | Noticed Josephine
 13214 | Orc:2    | Reached skill level 5 in Stealth
 13216 | Orc:2    | Killed Josephine
 13446 | Orc:2    | Found a staircase to the Elven Halls.
 13549 | Orc:2    | Noticed a sun demon
 13570 | Orc:2    | Reached **** piety under Makhleb
 13602 | Orc:2    | Found Oxiob's Jewellery Boutique.
 13629 | Orc:2    | Noticed an ogre mage
 13633 | Orc:2    | Killed an ogre mage
 13643 | Orc:2    | Found Sesk's Magic Scroll Boutique.
 13659 | Orc:2    | Noticed a sun demon
 13678 | Orc:2    | Bought a scroll of enchant armour for 120 gold pieces
 13711 | Orc:2    | Reached skill level 10 in Fighting
 13711 | Orc:2    | Found Yxtuf's Distillery.
 13724 | Orc:2    | Found Anigg's Antique Weapon Shop.
 13729 | Orc:2    | Bought a potion of heal wounds for 70 gold pieces
 13729 | Orc:2    | Bought a potion of heal wounds for 70 gold pieces
 13970 | Orc:2    | Bought a scroll of acquirement for 832 gold pieces
 13970 | Orc:2    | Acquired a +1 buckler of reflection
 13972 | Orc:2    | Bought a scroll of teleportation for 48 gold pieces
 13972 | Orc:2    | Bought a scroll of teleportation for 48 gold pieces
 14200 | Lair:1   | Entered Level 1 of the Lair of Beasts
 14219 | Lair:1   | Reached skill level 1 in Shields
 14219 | Lair:1   | Reached XP level 13. HP: 96/96 MP: 0/0
 14219 | Lair:1   | Learned a level 5 spell: Yara's Violent Unravelling
 14281 | Lair:1   | Noticed Sonja
 14287 | Lair:1   | Killed Sonja
 14423 | Lair:1   | Reached skill level 10 in Dodging
 15092 | Lair:2   | Found a gate leading to a gauntlet.
 15105 | Gauntlet | Entered a Gauntlet
 15105 | Gauntlet | Found a transporter.
 15105 | Gauntlet | Found a transporter.
 15123 | Gauntlet | Found a transporter.
 15126 | Gauntlet | Found a transporter.
 15134 | Gauntlet | Found a transporter.
 15140 | Gauntlet | Found a transporter.
 15148 | Gauntlet | Found a transporter.
 15167 | Gauntlet | Found a transporter.
 15184 | Gauntlet | Found a transporter.
 15188 | Gauntlet | Found a transporter.
 15198 | Gauntlet | Found a transporter.
 15202 | Gauntlet | Found a transporter.
 15379 | Gauntlet | Noticed a spark wasp
 15384 | Gauntlet | Found a runed translucent door.
 15400 | Gauntlet | Identified the +0 pair of boots of the Demon Prince {rElec
                  | Will+ Dex+4}
 15450 | Gauntlet | Noticed a great orb of eyes
 15515 | Gauntlet | Noticed a minotaur
 15524 | Gauntlet | Killed a minotaur
 15680 | Gauntlet | Identified the amulet of Atzonk {Reflect *Slow rF+ Str+4
                  | SH+5}
 15747 | Lair:2   | Reached ***** piety under Makhleb
 16025 | Lair:2   | Reached skill level 13 in Spellcasting
 16516 | Lair:2   | Found a hole to the Spider Nest.
 17208 | Lair:3   | Reached skill level 14 in Spellcasting
 17208 | Lair:3   | Reached XP level 14. HP: 99/103 MP: 0/0
 17246 | Lair:3   | Found a staircase to the Swamp.
 18102 | Lair:4   | You are sucked into a shaft and drop 1 floor!
 18218 | Lair:5   | Found a staircase to the Slime Pits.
 18219 | Lair:5   | Found a viscous altar of Jiyva.
 18491 | Lair:4   | Reached ****** piety under Makhleb
 18965 | Lair:5   | Reached skill level 15 in Spellcasting
 19065 | Lair:5   | Identified the +1 cloak of the Furies {+Blink rC++ Slay-4}
 19396 | Lair:6   | Entered Level 6 of the Lair of Beasts
 19463 | Lair:6   | Noticed Rupert
 19513 | Lair:6   | Reached skill level 5 in Evocations
 19650 | Lair:6   | Paralysed by Rupert for 5 turns
 19657 | Lair:6   | Killed Rupert
 20034 | Lair:6   | Identified the +3 battleaxe of Fate {vorpal, rElec rC++
                  | Int+3 Dex-2}
 20222 | Lair:6   | Reached XP level 15. HP: 110/110 MP: 0/0
 20222 | Lair:6   | Learned a level 6 spell: Conjure Ball Lightning
 20833 | Lair:6   | Identified the +9 war axe of Overwhelming Force {freeze,
                  | Dex+2}
 21492 | Lair:2   | Identified Saifunyc's Primer on Rites and Rhymes
 21968 | D:12     | Noticed Nergalle
 21972 | D:12     | Killed Nergalle
 22836 | D:13     | Noticed Nessos
 22875 | D:13     | Killed Nessos
 22953 | D:13     | Found Kungaext's Serpentskin Sales.
 23075 | D:13     | Noticed Urug
 23082 | D:13     | Killed Urug
 23543 | D:14     | Found a gate to the Vaults.
 23559 | D:14     | Reached XP level 16. HP: 95/122 MP: 0/0
 24181 | D:15     | Entered Level 15 of the Dungeon
 24207 | D:15     | Found a frozen archway.
 24248 | IceCv    | Entered an ice cave
 24738 | IceCv    | Reached skill level 15 in Fighting
 24953 | D:15     | Reached skill level 1 in Axes
 25202 | D:15     | Noticed Roxanne
 25824 | D:15     | Found a staircase to the Depths.
 26542 | Spider:1 | Entered Level 1 of the Spider Nest
 26546 | Spider:1 | Reached skill level 5 in Axes
 26635 | Spider:1 | Found a transporter.
 26832 | Spider:1 | Found a transporter.
 26979 | Spider:1 | Reached XP level 17. HP: 131/131 MP: 0/0
 26979 | Spider:1 | Learned a level 7 spell: Haunt
 27121 | Spider:2 | Acquired a manual of Evocations
 27206 | Spider:2 | Noticed Nikola
 27228 | Spider:2 | Killed Nikola
 28014 | Spider:3 | Reached XP level 18. HP: 138/138 MP: 0/0
 28264 | Spider:3 | Reached skill level 10 in Axes
 28540 | Spider:4 | Entered Level 4 of the Spider Nest
 29693 | Spider:4 | Got a gossamer rune of Zot
 29963 | Swamp:1  | Entered Level 1 of the Swamp
 30389 | Swamp:1  | Noticed Kirke
 30404 | Swamp:1  | Killed Kirke
 30544 | Swamp:1  | Reached XP level 19. HP: 137/143 MP: 0/0
 30544 | Swamp:1  | Learned a level 7 spell: Dragon Form
 30995 | Swamp:2  | Found a transporter.
 31003 | Swamp:2  | Noticed a tentacled monstrosity
 31003 | Swamp:2  | Noticed a tentacled monstrosity
 31011 | Swamp:2  | Found a transporter.
 33065 | Swamp:4  | Entered Level 4 of the Swamp
 33342 | Swamp:4  | Found a runed translucent door.
 33346 | Swamp:4  | Noticed kae's ghost (adept HOFi)
 33804 | Swamp:3  | Reached skill level 15 in Axes
 34134 | Swamp:4  | Got a decaying rune of Zot
 34312 | Swamp:4  | Identified the +1 leather armour "Xeedari" {rElec}
 34965 | Vaults:1 | Entered Level 1 of the Vaults
 35269 | Vaults:1 | Noticed Donald
 35275 | Vaults:1 | Killed Donald
 35605 | Vaults:1 | Reached XP level 20. HP: 98/149 MP: 0/0
 36040 | Vaults:1 | Reached skill level 16 in Spellcasting
 36438 | Vaults:1 | Found a stormy altar of Qazlal.
 36804 | Vaults:2 | Found a runed translucent gate.
 36804 | Vaults:2 | Found a runed translucent gate.
 36804 | Vaults:2 | Found a runed translucent gate.
 37335 | Vaults:2 | Noticed Sojobo
 37338 | Vaults:2 | Reached skill level 17 in Spellcasting
 37733 | Vaults:2 | Noticed Hios's ghost (adept HOMo)
 37808 | Vaults:2 | Killed Sojobo
 38340 | Vaults:2 | Noticed Jory
 38353 | Vaults:2 | Killed Jory
 39089 | Vaults:3 | Reached XP level 21. HP: 155/155 MP: 0/0
 39089 | Vaults:3 | Learned a level 8 spell: Summon Horrible Things
 39251 | Vaults:3 | Reached skill level 18 in Spellcasting
 39388 | Vaults:3 | Found Qofo Hou's Assorted Antiques.
 39744 | Vaults:3 | Found a transporter.
 40281 | Vaults:3 | Found a runed translucent door.
 40281 | Vaults:3 | Noticed Butoilik's ghost (veteran MiBe)
 40638 | Vaults:3 | Found a staircase to the Crypt.
 40957 | Vaults:3 | Reached skill level 10 in Evocations
 41377 | Vaults:4 | Reached skill level 10 in Invocations
 41578 | Vaults:4 | Noticed Frederick
 41590 | Vaults:4 | Killed Frederick
 41822 | Vaults:4 | Noticed Boris
 41828 | Vaults:4 | Killed from afar by Boris

Illustrated notes

Levels and vault maps discovered:
D:1:      shiori_shiawase, layout_loops_ring, serial_shops,
          nicolae_shop_competitors_out_of_business
D:2:      layout_loops_cross, zin_angel, lemuel_round_altar,
          uniq_crazy_yiuf_cottage
D:3:      lemuel_upstairs_altar, layout_rooms, nicolae_overflow_crystal_walls
D:4:      layout_cave_pools, kennysheep_mini_moat
D:5:      layout_loops_ring, lemuel_doored_altar,
          minmay_temple_entry_drinking_statues, serial_shops,
          nicolae_shop_trees, nicolae_shop_crystal, shop,
          ebering_ghost_reflecting_pool
D:6:      layout_cave_pools, led_sif_book, overflow_temple_1_default,
          kennysheep_slug_shrine, grunt_tough_drop, uniq_menkaure
D:7:      layout_basic
D:8:      layout_gridville, erik_lair_dragon
D:9:      layout_layer_cave, uniq_erica
D:10:     layout_long_grid, erik_orc_2, muffindrake_ghost_dual_entry,
          disabler_island, uniq_maurice
D:11:     layout_loops_corners, nicolae_gozag_zags_fifth_avenue
D:12:     layout_basic, minmay_gold_behind_fungi, water_boxes_lemuel,
          uniq_nergalle
D:13:     layout_rooms, guppyfry_shop_venom, uniq_urug, uniq_nessos
D:14:     layout_basic, lightli_vaults_fourway_checkpoint, chequers_avenue,
          kennysheep_generic_room_14
D:15:     gammafunk_enter_depths_forms, layout_loops_ring,
          portal_ice_cave_entry_imps, corexii_corridor_pit, uniq_roxanne
Temple:   minmay_temple_curvy_branch
Lair:1:   layout_roguey, uniq_sonja
Lair:2:   layout_cave_pods, nicolae_spider_entry_orb_guardian,
          gauntlet_entry_generic, minmay_lair_oklob_chamber, lemuel_fruit_fields
Lair:3:   layout_long_grid, palyth_hydra_swamp_entry, special_room
          [special_room_bee], grunt_megastairs_1
Lair:4:   layout_regular_city
Lair:5:   layout_roguey, slime_altar_1, serial_bayou_pond_a
Lair:6:   guppyfry_lair_end_dragon, layout_loops_ring,
          hangedman_lair_caniforms_friends, uniq_rupert
Swamp:1:  layout_basic_swamp, nicolae_swamp_triple_paths,
          infiniplex_staircase_pool, uniq_kirke
Swamp:2:  gammafunk_sealed_arena, layout_basic_swamp,
          evilmike_swamp_ruin_house_1, swamp_pool4
Swamp:3:  layout_basic_swamp, evilmike_swamp_ruin_rubble_1,
          hangedman_swamp_cone, swamp_pool2
Swamp:4:  swamp_alternative, layout_basic_swamp, gammafunk_ghost_grave
Spider:1: gammafunk_its_a_trap
Spider:2: layout_spider_delve, uniq_nikola
Spider:3: layout_spider_delve, hangedman_stitches_earthworm
Spider:4: grunt_spider_rune_circles, nicolae_orb_stairs
Orc:1:    layout_caves, gammafunk_ghost_abyssal_escape, uniq_josephine
Orc:2:    kennysheep_orc_mage_school, layout_diamond_mine
Vaults:1: v_alt_pattern_2, nicolae_vaults_an_arrangement, vaults_room_grid,
          nicolae_vaults_network_star, vaults_dpeg_ring, v_misc_26,
          nicolae_vaults_network_periphery, v_misc_14,
          nicolae_vaults_back_hallway, nicolae_vaults_three_branches,
          grunt_vaults_hallway_long, nicolae_vaults_windows_and_doors_thing,
          layout_vaults_omnicross, basic_altar, uniq_donald
Vaults:2: gammafunk_vaults_ghost_tricky_traps, v_rooms_2, v_misc_18,
          nicolae_vaults_diagonal_hallway_7, vaults_room_semicircle,
          nicolae_vaults_alarming, nicolae_vaults_mini_display_case,
          layout_vaults_omnigrid, uniq_sojobo, uniq_jory
Vaults:3: gammafunk_vaults_ghost_grave, minmay_crypt_entry_skeletal_spiral,
          emtedronai_trogs_sanctum, nicolae_vaults_network_quincunx
          [nicolae_vaults_network_quincunx_subvault,
          nicolae_vaults_network_quincunx_subvault,
          nicolae_vaults_network_quincunx_subvault,
          nicolae_vaults_network_quincunx_subvault,
          nicolae_vaults_network_quincunx_subvault], hangedman_vaults_hat,
          nicolae_vaults_ring_of_whatevers, grunt_vaults_focal,
          vaults_mumra_lcd, v_misc_33, hangedman_vaults_variations,
          v_alt_pattern_6, vaults_room_grid, grunt_vaults_hallway_short,
          nicolae_vaults_specimen_jars, layout_vaults_omnibox, serial_shops,
          shop
Vaults:4: vaults_room_stairs_pillars, nicolae_vaults_little_squares_6,
          v_rooms_5, v_misc_1, hangedman_vaults_trim, v_pattern_3,
          ontoclasm_vaults_chip, vaults_mumra_hexcomb, v_misc_25,
          nicolae_vaults_little_ls, nicolae_vaults_shelves_hall,
          layout_vaults_maze_snakey, uniq_frederick, uniq_boris

Skill      XL: |  1  2  3  4  5  6  7  8  9 10 11 12 13 14 15 16 17 18 19 20 21 |
---------------+----------------------------------------------------------------+-----
Spellcasting   | 3 4 5 6 7 10 11 12 14 15 17 18 | 18.7
Fighting       | 1 3 4 8 10 11 13 15 | 15.0
Stealth        | 2 3 4 6 |  6.0
Dodging        | 4 6 9 10 12 | 12.0
Evocations     | 4 6 10 | 10.0
Invocations    | 3 6 7 8 10 | 10.0
Shields        | 1 4 |  4.0
Axes           | 7 9 13 16 | 16.0

Action                   |  1- 3 |  4- 6 |  7- 9 | 10-12 | 13-15 | 16-18 | 19-21 || total
-------------------------+-------+-------+-------+-------+-------+-------+-------++-------
Melee: Dagger            |     5 |       |       |       |       |       |       ||     5
       Quarterstaff      |       |    21 |    32 |    64 |     2 |       |       ||   119
       War axe           |       |       |       |       |   157 |   172 |   300 ||   629
       Scimitar          |       |       |       |       |    16 |     6 |       ||    22
       Battleaxe         |       |       |       |       |       |    19 |       ||    19
Throw: Stone             |     6 |       |       |       |       |       |       ||     6
 Cast: Sting             |    36 |     4 |     2 |     2 |    20 |       |     1 ||    65
       Poisonous Vapours |    22 |    33 |    40 |    70 |   140 |    88 |   155 ||   548
       Ignite Poison     |     1 |     4 |    31 |    90 |   201 |   189 |   244 ||   760
       Mephitic Cloud    |       |       |    19 |    21 |    53 |    34 |    58 ||   185
       Olgreb's Toxic Ra |       |       |     7 |    65 |    94 |   104 |   101 ||   371
       Blink             |       |       |       |     3 |    15 |     5 |    16 ||    39
       Iskenderun's Batt |       |       |       |     2 |     3 |     1 |     6 ||    12
       Vampiric Draining |       |       |       |     1 |     2 |       |       ||     3
       Slow              |       |       |       |       |    77 |    43 |   126 ||   246
       Yara's Violent Un |       |       |       |       |    57 |    27 |    82 ||   166
       Summon Small Mamm |       |       |       |       |     2 |       |       ||     2
       Conjure Ball Ligh |       |       |       |       |       |     3 |     9 ||    12
       Haunt             |       |       |       |       |       |    30 |    34 ||    64
       Dragon Form       |       |       |       |       |       |       |     1 ||     1
       Summon Horrible T |       |       |       |       |       |       |    13 ||    13
Invok: Lesser Servant of |       |       |       |       |       |       |     6 ||     6
Evoke: Wand              |       |       |     1 |     4 |     4 |     1 |       ||    10
       Tin of tremorston |       |       |       |       |     2 |       |     1 ||     3
       Phantom mirror    |       |       |       |       |       |       |     1 ||     1
  Use: Scroll            |       |     1 |     5 |    19 |     8 |     6 |    12 ||    51
       Potion            |       |       |       |       |     1 |     1 |     1 ||     3
 Stab: Sleeping          |       |     1 |     1 |       |     2 |     1 |       ||     5
       Distracted        |       |       |       |     1 |       |       |     2 ||     3
       Paralysed         |       |       |       |     1 |       |       |       ||     1
       Confused          |       |       |       |       |       |       |     1 ||     1
Armor: Robe              |     5 |     6 |    10 |       |       |       |       ||    21
       Leather armour    |       |       |       |    46 |   131 |   123 |   151 ||   451
Dodge: Dodged            |     7 |    12 |    21 |    78 |   285 |   276 |   356 ||  1035
Block: Buckler           |       |       |       |       |   100 |   112 |   173 ||   385
       Reflection        |       |       |       |       |     8 |     3 |    21 ||    32
       Rpst.: Scimitar   |       |       |       |       |     1 |     2 |       ||     3

Table legend: (Time is in decaauts)
 A = Elapsed time spent in this place.
 B = Non-inter-level travel time spent in this place.
 C = Inter-level travel time spent in this place.
 D = Time resting spent in this place.
 E = Time spent auto-exploring this place.
 F = Levels seen in this place.
 G = Mean time per level.
                   A        B        C        D        E       F      G
               +--------+--------+--------+--------+--------+-----+--------+
         Total |  41977 |  37416 |   4561 |   6746 |  23462 |  38 | 1104.7 |
       Dungeon |  16897 |  14389 |   2508 |   2690 |   9799 |  15 | 1126.5 |
        Temple |    290 |    246 |     44 |      0 |    245 |   1 |  290.0 |
          Lair |   7185 |   6570 |    615 |    884 |   4412 |   6 | 1197.5 |
         Swamp |   4499 |   4079 |    420 |    943 |   2229 |   4 | 1124.8 |
   Spider Nest |   3358 |   3080 |    278 |    227 |   2050 |   4 |  839.5 |
  Orcish Mines |   1723 |   1523 |    200 |    248 |    853 |   2 |  861.5 |
        Vaults |   6799 |   6306 |    493 |   1566 |   3445 |   4 | 1699.8 |
      Ice Cave |    634 |    634 |      0 |     12 |    300 |   1 |  634.0 |
      Gauntlet |    589 |    589 |      0 |    176 |    129 |   1 |  589.0 |
               +--------+--------+--------+--------+--------+-----+--------+

Top non-repeatable levels by time:
Vaults:3: 2444 daAuts
Vaults:2: 2126 daAuts
     D:2: 1909 daAuts
     D:9: 1837 daAuts
  Lair:2: 1767 daAuts
Vaults:1: 1759 daAuts
  Lair:6: 1598 daAuts
    D:15: 1446 daAuts
    D:10: 1426 daAuts
  Lair:3: 1281 daAuts
 Swamp:2: 1269 daAuts
Spider:4: 1252 daAuts
 Swamp:3: 1238 daAuts
     D:5: 1211 daAuts
 Swamp:4: 1170 daAuts
